 Dungeon Crawl Stone Soup version 0.30.0-29-ga12c61a403 (webtiles) character file.

Game seed: 1478508587096845585

68 Riddle the Magician (level 4, -3/31 HPs)
             Began as a Djinni Conjurer on June 5, 2023.
             Slain by Crazy Yiuf
             ... wielding a +2 quarterstaff of chaos
              (13 damage)
             ... while paralysed by Crazy Yiuf
             ... on level 2 of the Dungeon on June 6, 2023.
             The game lasted 00:02:34 (1289 turns).

Riddle the Magician (Djinni Conjurer)               Turns: 1289, Time: 00:02:35

Health: -3/31      AC:  2    Str:  6    XL:     4   Next: 41%
Gold:   89         EV:  2    Int: 22    God:
                   SH:  0    Dex: 11

rFire   + + .        (no weapon)
rCold   x . .        (no shield)
rNeg    . . .        a - +0 robe
rPois   ∞            (no helmet)
rElec   .            (no cloak)
rCorr   .            (no gloves)
SInv    .            (boots unavailable)
Will    .....        (no amulet)
Stlth   ++           (no ring)
HPRegen 0.25/turn    (no ring)
MPRegen 0.00/turn

%: infuse magic (-4 HP)
@: paralysed, flying
A: sickness immunity, fire resistance 2, cold vulnerability 1, float, innate
caster, HP casting, extra vitality 1
a: no special abilities


You were on level 2 of the Dungeon.
You visited 1 branch of the dungeon, and saw 2 of its levels.

You collected 89 gold pieces.

Inventory:

Armour
 a - a +0 robe (worn)
Scrolls
 b - 6 scrolls of identify {unknown}
 d - a scroll of enchant armour {unknown}
 h - 2 scrolls of fear {unknown}
 j - a scroll of amnesia {unknown}
 l - a scroll of acquirement {unknown}
 m - a scroll of blinking {unknown}
Potions
 c - 2 potions of degeneration {unknown}
 e - 3 potions of heal wounds {unknown}
 f - 2 potions of lignification {unknown}
 g - a potion of curing {unknown}
 i - a potion of brilliance {unknown}
 k - a potion of ambrosia {unknown}
 n - a potion of flight {unknown}


   Skills:
 + Level 2.4 Dodging
 + Level 1.6 Stealth
 + Level 4.3 Spellcasting


You knew the following spells:

 Your Spells              Type           Power      Damage    Failure   Level
a - Magic Dart            Conj           96%        1d7       1%          1
b - Searing Ray           Conj           48%        2d6       2%          2
c - Dazzling Flash        Conj/Hex       48%        N/A       5%          3
d - Fulminant Prism       Conj/Hex       12%        3d8       19%         4
e - Iskenderun's Mystic   Conj/Tloc      24%        2d7       19%         4
f - Summon Small Mammal   Summ           96%        N/A       1%          1
Your spell library was empty.

Dungeon Overview and Level Annotations

Branches:
Dungeon (2/15)

Altars:
Hepliaklqana

Annotations:
D:2 Crazy Yiuf


Innate Abilities, Weirdness & Mutations

You are immune to sickness and miasma.
You are immune to poison.
Your flesh is very heat resistant. (rF++)
You are vulnerable to cold. (rC-)
You float through the air rather than walking.
You learn spells naturally, not from books.
Your magical power is your life essence.
You have superior vitality. (+4 MHP)


Message History

There is an open door here.
There is a large open door here.
There is an open door here.
A rat comes into view.
A rat is nearby!
A rat is nearby!
A rat is nearby!
Casting: Magic Dart (safe; 1% risk of failure)
Confirm with . or Enter, or press ? or * to list all spells.
Aiming: Magic Dart (safe; 1% risk of failure)
Press: ? - help, Shift-Dir - straight line, f - rat
Aim: a rat (asleep, 100% to hit)
The magic dart hits the rat.
You kill the rat!
Unknown command.
Casting: Magic Dart (safe; 1% risk of failure)
Confirm with . or Enter, or press ? or * to list all spells.
You can't see any susceptible monsters within range! (Use Z to cast anyway.)
Casting: Magic Dart (safe; 1% risk of failure)
Confirm with . or Enter, or press ? or * to list all spells.
You can't see any susceptible monsters within range! (Use Z to cast anyway.)
Things that are here:
a +0 dagger; a goblin skeleton Could not explore, unopened runed door.
Could not explore, unopened runed door.
As you open the door, it creaks loudly!
Crazy Yiuf shouts!
Casting: Magic Dart (safe; 1% risk of failure)
Confirm with . or Enter, or press ? or * to list all spells.
Aiming: Searing Ray (safe; 2% risk of failure)
Press: ? - help, Shift-Dir - straight line, f - Crazy Yiuf
Aim: Crazy Yiuf, wielding a +2 quarterstaff of chaos and wearing a +0 cloak (82% to hit)
The searing ray hits Crazy Yiuf!
Crazy Yiuf is heavily wounded. (Press . to maintain the ray.) Crazy Yiuf hits you with a +2 quarterstaff of chaos!
You suddenly lose the ability to move!
Crazy Yiuf hits you with a +2 quarterstaff of chaos!
Crazy Yiuf burns you.
Crazy Yiuf hits you with a +2 quarterstaff of chaos!
You die...

.......#...###....#
.......#...# #....#
÷.._...#...# ♣.P..♣
.......#...# ♣.PP♣♣
.......#...# ♣♣.♣♣
....####...# ♣.♣♣
....###....# ♣♣.♣
....'......# ♣.♣♣
....###....# ♣♣@♣
....# #....# #g#
....# #...(# ...
....# #....# #...#
....# #....# #..)#
....# #...## #####
############
###........##
............#


You could see Crazy Yiuf.

Vanquished Creatures
  3 adders (D:2)
  A worm (D:2)
  5 endoplasms
  A giant cockroach (D:1)
  5 goblins
  5 hobgoblins
  A quokka (D:1)
  5 ball pythons
  4 bats
  2 frilled lizards
  A kobold (D:1)
  5 rats
38 creatures vanquished.

Notes
Turn   | Place    | Note
-------+----------+-------------------------------------------
     0 | D:1      | Riddle the Djinni Conjurer began the quest for the Orb.
     0 | D:1      | Riddle set off with the following spells memorised: Magic
                  | Dart, Searing Ray, Dazzling Flash, Fulminant Prism,
                  | Iskenderun's Mystic Blast.
     0 | D:1      | Reached XP level 1. HP: 15/15 MP: 0/0
    38 | D:1      | Reached XP level 2. HP: 7/21 MP: 0/0
   309 | D:1      | Reached XP level 3. HP: 21/25 MP: 0/0
   309 | D:1      | Learned a level 1 spell: Summon Small Mammal
   726 | D:2      | Reached skill level 4 in Spellcasting
   929 | D:2      | Reached XP level 4. HP: 27/31 MP: 0/0
   949 | D:2      | Found a hazy altar of Hepliaklqana.
  1046 | D:2      | Found a runed translucent door.
  1047 | D:2      | Noticed Crazy Yiuf
  1287 | D:2      | Paralysed by Crazy Yiuf for 5 turns
  1289 | D:2      | Slain by Crazy Yiuf

Illustrated notes

Levels and vault maps discovered:
D:1:      mainiacjoe_arrival_reflecting_pool, layout_rooms
D:2:      layout_basic, basic_altar, uniq_crazy_yiuf_cottage

Skill      XL: |  1  2  3 |
---------------+----------+-----
Spellcasting   | 4 |  4.3
Dodging        | |  2.4
Stealth        | |  1.6

Action                     |  1- 3 |  4- 6 || total
---------------------------+-------+-------++-------
   Cast: Magic Dart        |    39 |     7 ||    46
         Searing Ray       |    12 |     2 ||    14
 Armour: Robe              |     3 |       ||     3
  Dodge: Dodged            |    14 |       ||    14
